 Dungeon Crawl Stone Soup version 0.19-a0-32-gbfd796a (webtiles) character file.

41340 Gorice the Basher (level 13, 0/103 HPs)
             Began as a Demonspawn Venom Mage on May 2, 2016.
             Was a High Priest of Okawaru.
             Slain by an eight-headed hydra (10 damage)
             ... on level 6 of the Lair of Beasts.
             The game lasted 02:23:16 (24580 turns).

Gorice the Basher (Demonspawn Venom Mage)          Turns: 24580, Time: 02:23:16

Health: 0/103      AC: 24    Str: 13    XL:     13   Next: 79%
Magic:  19/19      EV: 11    Int: 17    God:    Okawaru [*****.]
Gold:   908        SH:  0    Dex: 14    Spells: 4 memorised, 11 levels left

rFire  + + .     SeeInvis .     a - +0 dire flail (venom)
rCold  . . .     Gourm    .     f - +1 fire dragon armour
rNeg   . . .     Faith    .     (shield currently unavailable)
rPois  .         Spirit   .     J - +0 helmet
rElec  .         Dismiss  .     l - +0 cloak
rCorr  .         Reflect  .     F - +0 pair of gloves
SustAt .         Harm     .     e - +0 pair of boots
MR     .....                    R - amulet of magic regeneration
Stlth  +++.......               A - ring of protection from cold
                                m - ring of wizardry

@: heroism, repel missiles, not resistant to hostile enchantments, fairly
stealthy
A: hooves 2, molten scales 2, nightstalker 1, spiny 1
a: Heroism, Finesse, Renounce Religion


You were on level 6 of the Lair of Beasts.
You worshipped Okawaru.
Okawaru was extremely pleased with you.
You were not hungry.

You visited 3 branches of the dungeon, and saw 18 of its levels.
You also visited: Ice Cave and Volcano.

You collected 1132 gold pieces.
You spent 224 gold pieces at shops.

Inventory:

Hand Weapons
 a - a +0 dire flail of venom (weapon)
   (You took it off a two-headed ogre on level 8 of the Dungeon)
 p - a +6 flail of protection
   (You took it off Edmund on level 5 of the Dungeon)
 B - a +0 blowgun
Missiles
 h - 12 tomahawks (quivered)
 r - 83 poisoned needles
 C - 2 curare-tipped needles
 W - 5 silver javelins
 Y - 5 throwing nets
Armour
 e - a +0 pair of boots (worn)
 f - a +1 fire dragon armour (worn)
 l - a +0 cloak (worn)
 u - a cursed +0 large shield
 F - a +0 pair of gloves (worn)
 J - a +0 helmet (worn)
Magical Staves
 b - an uncursed staff of poison
 n - an uncursed staff of wizardry
Jewellery
 m - a ring of wizardry (left hand)
 A - a ring of protection from cold (right hand)
 R - an amulet of magic regeneration (around neck)
Wands
 j - a wand of lightning (9/15)
 s - a wand of lightning (8/15)
 t - a wand of iceblast (7/15)
 v - a wand of enslavement (13/24)
 H - a wand of confusion (15/48)
 L - a wand of paralysis (20/24)
 O - a wand of disintegration (17/24)
Scrolls
 d - 4 scrolls of identify
 g - a scroll of fog
 y - 2 scrolls of teleportation {!r}
 M - a scroll of enchant weapon
 N - 3 scrolls of acquirement {unknown}
 P - 3 scrolls of silence {!r}
 S - 2 scrolls of magic mapping {!r}
 T - 2 scrolls of remove curse
 U - a scroll of fear {!r}
Potions
 i - 4 potions of might {!q}
 k - a potion of invisibility {!q}
 o - 3 potions of resistance {!q}
 q - a potion of haste {!q}
 x - 3 potions of magic {!q}
 z - 3 potions of ambrosia
 D - a potion of heal wounds {!q}
 E - a potion of berserk rage
 G - 2 potions of cancellation {!q}
 K - 2 potions of curing
 Q - 3 potions of agility {!q}
 V - a potion of lignification {!q}
Comestibles
 c - 9 bread rations {!e}
 w - 13 chunks of flesh
 I - 15 fruits


   Skills:
 - Level 10.0(15.0) Fighting
   Level 2.5(7.5) Long Blades
 + Level 14.7(19.7) Maces & Flails
 - Level 10.0(15.0) Armour
 - Level 1.7(6.7) Dodging
 - Level 1.7(6.7) Stealth
 - Level 3.2 Spellcasting
 - Level 4.1 Conjurations
 + Level 2.6 Charms
 + Level 3.0 Air Magic
 - Level 4.0 Poison Magic
 - Level 8.0 Invocations


You had 11 spell levels left.
You knew the following spells:

 Your Spells              Type           Power        Failure   Level  Hunger
a - Sting                 Conj/Pois      ###.         6%          1    None
b - Cure Poison           Pois           ###.......   9%          2    ##.....
M - Repel Missiles        Chrm/Air       ##....       12%         2    ##.....
S - Swiftness             Chrm/Air       ##......     12%         2    ##.....


Dungeon Overview and Level Annotations

Branches:
Dungeon (11/15)            Temple (1/1) D:7            Lair (6/8) D:11
  Swamp (0/4) Lair:6       Spider (0/4) Lair:4
  Slime: Lair:6-8       Orc: D:9-12

Altars:
Ashenzari
Cheibriados
Dithmenos
Elyvilon
Fedhas
Gozag
Kikubaaqudgha
Makhleb
Nemelex Xobeh
Okawaru
Pakellas
Qazlal
Ru
Sif Muna
Trog
Vehumet
Xom
Yredelemnul
Zin
The Shining One

Shops:
D:8 ?   D:9 :

Annotations:
D:2 Sigmund
Lair:1 vpUX: Oklobs w minor loot, exclusion: 2 oklob plants
Lair:6 exclusion: oklob plant


Innate Abilities, Weirdness & Mutations

You have hoof-like feet.
You are mostly covered in molten scales (AC +3, EV -1).
You are slightly more attuned to the shadows.
You are partially covered in sharp spines.


Message History

The eight-headed hydra misses you.
The eight-headed hydra closely misses you.
The eight-headed hydra bites you but does no damage. x2
Damage: 11 (max 34)
You completely miss the eight-headed hydra.
The eight-headed hydra is severely wounded.
Unknown command.
Evoke which item? (* to show all) (? for menu, Esc to quit)
Zapping:
t - a wand of iceblast (will waste charges)
Press: ? - help, Shift-Dir - straight line, p - eight-headed hydra The mass of ice explodes!
The iceblast engulfs the eight-headed hydra.
The eight-headed hydra is almost dead.
Evoking this partially-identified wand wasted a few charges.
The eight-headed hydra is struck by your spines.
The eight-headed hydra bites you.
* * * LOW HITPOINT WARNING * * *
The eight-headed hydra closely misses you.
The eight-headed hydra bites you but does no damage.
The eight-headed hydra closely misses you.
The eight-headed hydra bites you but does no damage.
The eight-headed hydra bites you.
* * * LOW HITPOINT WARNING * * *
The eight-headed hydra barely misses you.
The eight-headed hydra closely misses you.
Damage: 4 (max 34) Unknown command.
Unknown command.
Unknown command.
Unknown command.
Unknown command.
Unknown command.
Unknown command.
Unknown command.
Unknown command.
Unknown command.
Unknown command.
Unknown command.
Unknown command.
Unknown command.
Unknown command.
Unknown command.
Unknown command.
Unknown command.
Unknown command.
Unknown command.
You hit the eight-headed hydra.
The eight-headed hydra is almost dead.
The eight-headed hydra bites you!
You die...

##÷.........##..... #
#.##............#
######...###...#.
#..♣.#...## #.
#..#.....# ##.# #
###+##.....#####..###
##...........#[#....##
#.........P.#...#P..#.
#....@D...%.(((((...÷.
#P.........#.P.PPP).##
#..!.......#######...#
#.........## #..###
###.#.#..## #..#
#####P## #..## ###
##..# #...## ##.P#.


You could see an eight-headed hydra.

Vanquished Creatures
  Snorg (Lair:5)
  4 hydras
  Erica (D:11)
  7 death yaks
  A hill giant (D:10)
  A deep elf mage (Volcano)
  An ugly thing (D:11)
  An elephant (D:11)
  2 ice statues (IceCv)
  2 black mambas
  Psyche (D:10)
  4 spiny frogs
  A rime drake (Lair:2)
  6 komodo dragons
  A queen bee (Lair:1)
  A troll (D:9)
  A polar bear (Lair:2)
  4 slime creatures (D:9)
  14 blink frogs
  2 two-headed ogres
  4 redbacks (Lair:4)
  2 wyverns
  28 yaks
  A hog (Lair:2)
  A fire bat (Volcano)
  3 basilisks
  A hungry ghost (D:9)
  11 hippogriffs
  A steam dragon (D:8)
  Edmund (D:5)
  9 water moccasins
  6 porcupines
  17 ice beasts
  4 sky beasts
  7 orc warriors
  A black bear (D:9)
  2 necrophages (D:8)
  2 phantoms
  12 ogres
  13 centaurs
  6 wolves (Lair:6)
  12 crocodiles
  2 big kobolds
  2 gnoll sergeants
  13 giant frogs
  A wyvern skeleton (D:11)
  6 scorpions
  31 killer bees
  5 electric eels
  6 howler monkeys
  A quasit (D:5)
  8 crimson imps
  3 giant frog zombies
  3 centaur zombies
  8 hounds
  3 jellies
  7 orc priests
  10 orc wizards
  5 centaur skeletons
  A giant frog skeleton (D:8)
  12 iguanas
  8 worker ants
  5 sheep
  A hound zombie (D:5)
  3 hound skeletons
  A worker ant zombie (D:10)
  20 gnolls
  10 adders
  44 river rats
  3 shadow imps
  3 oozes
  An adder zombie (D:5)
  2 adder skeletons
  2 dart slugs (D:2)
  7 giant geckos
  38 orcs
  A ball python (D:4)
  6 giant cockroaches
  13 goblins
  7 hobgoblins
  15 jackals
  5 quokkas
  11 bats
  A giant gecko skeleton (D:6)
  6 giant newts
  A jackal skeleton (D:8)
  30 kobolds
  A quokka skeleton (D:8)
  8 rats
580 creatures vanquished.

Vanquished Creatures (others)
  A quokka (D:4)
  7 fungi
  4 plants
12 creatures vanquished.

Grand Total: 592 creatures vanquished

Notes
Turn   | Place    | Note
--------------------------------------------------------------
     0 | D:1      | Gorice the Demonspawn Venom Mage began the quest for the Orb.
     0 | D:1      | Reached XP level 1. HP: 13/13 MP: 3/3
     3 | D:1      | Noticed an electric eel
     3 | D:1      | Noticed an electric eel
   126 | D:1      | Reached skill level 1 in Conjurations
   309 | D:1      | Gained mutation: You are partially covered in molten scales (AC +1). [demonic ancestry]
   309 | D:1      | Reached XP level 2. HP: 16/19 MP: 3/5
   539 | D:1      | HP: 5/19 [gnoll/spear (3)]
   550 | D:1      | HP: 2/19 [gnoll/spear (4)]
   594 | D:2      | Learned a level 2 spell: Cure Poison
   972 | D:1      | Reached skill level 2 in Conjurations
  1228 | D:1      | Reached XP level 3. HP: 24/24 MP: 1/6
  1306 | D:2      | Found a faded altar to an unknown god.
  1309 | D:2      | Reached skill level 3 in Conjurations
  1474 | D:2      | Noticed Sigmund
  1965 | D:2      | Gained mutation: You are mostly covered in molten scales (AC +3, EV -1). [demonic ancestry]
  1965 | D:2      | Reached XP level 4. HP: 30/30 MP: 2/7
  2134 | D:2      | Reached skill level 1 in Armour
  2989 | D:3      | Reached skill level 4 in Conjurations
  3116 | D:3      | Found a radiant altar of Vehumet.
  3432 | D:3      | HP: 6/30 [orc/war axe (7)]
  3452 | D:2      | HP: 3/30 [orc/war axe (5)]
  3460 | D:2      | HP: 2/30 [orc/war axe (2)]
  3769 | D:2      | Reached XP level 5. HP: 32/35 MP: 8/8
  4385 | D:3      | Reached skill level 2 in Armour
  4558 | D:3      | Found a bloodstained altar of Trog.
  4660 | D:4      | Noticed a phantom
  4763 | D:4      | Killed a phantom
  4763 | D:4      | Reached skill level 3 in Spellcasting
  4763 | D:4      | Reached XP level 6. HP: 27/41 MP: 10/10
  4800 | D:4      | Found an iron altar of Okawaru.
  4824 | D:4      | Became a worshipper of Warmaster Okawaru
  4827 | D:4      | Found a white marble altar of Elyvilon.
  4979 | D:4      | Reached skill level 1 in Fighting
  5263 | D:4      | Reached skill level 1 in Long Blades
  5301 | D:4      | Reached skill level 3 in Armour
  5540 | D:5      | Entered Level 5 of the Dungeon
  5671 | D:5      | Reached skill level 2 in Fighting
  5689 | D:5      | Noticed Edmund
  5747 | D:5      | Gained mutation: You have large cloven feet. [demonic ancestry]
  5747 | D:5      | Reached XP level 7. HP: 47/50 MP: 7/11
  5835 | D:5      | Reached skill level 2 in Long Blades
  5996 | D:5      | Killed Edmund
  5996 | D:5      | Reached * piety under Okawaru
  5996 | D:5      | Reached skill level 3 in Fighting
  5996 | D:5      | Reached skill level 4 in Armour
  6132 | D:5      | Reached skill level 1 in Maces & Flails
  6177 | D:5      | Found a sacrificial altar of Ru.
  6312 | D:5      | Reached skill level 2 in Maces & Flails
  6350 | D:5      | Gained mutation: You are partially covered in sharp spines. [demonic ancestry]
  6350 | D:5      | Reached XP level 8. HP: 53/59 MP: 8/12
  6351 | D:5      | --Yay, spiny!
  6714 | D:5      | Reached skill level 4 in Fighting
  6714 | D:5      | Reached skill level 3 in Maces & Flails
  6766 | D:5      | Reached ** piety under Okawaru
  6842 | D:6      | Reached skill level 4 in Maces & Flails
  6842 | D:6      | Reached skill level 5 in Armour
  6867 | D:6      | Found a stormy altar of Qazlal.
  7455 | D:7      | Reached skill level 5 in Fighting
  7519 | D:7      | Found an ancient bone altar of Kikubaaqudgha.
  7541 | D:7      | Found a blossoming altar of Fedhas.
  7567 | D:7      | Found a basalt altar of Yredelemnul.
  7660 | D:7      | Reached skill level 5 in Maces & Flails
  7755 | D:7      | Reached XP level 9. HP: 66/68 MP: 13/13
  7948 | D:7      | Found a staircase to the Ecumenical Temple.
  7960 | Temple   | Entered the Ecumenical Temple
  8317 | D:8      | Reached *** piety under Okawaru
  8328 | D:8      | Found an opulent altar of Gozag.
  8417 | D:8      | Reached skill level 6 in Maces & Flails
  8417 | D:8      | Reached skill level 6 in Armour
  8498 | D:8      | Found a bloodstained altar of Trog.
  8620 | D:8      | Found Sooh's Magic Scroll Emporium.
  8628 | D:8      | Bought a scroll of remove curse for 48 gold pieces
  8628 | D:8      | Bought a scroll of fear for 56 gold pieces
  8696 | D:8      | Reached skill level 6 in Fighting
  8873 | D:8      | Found a burning altar of Makhleb.
  8901 | D:8      | Reached **** piety under Okawaru
  8901 | D:8      | Reached skill level 7 in Maces & Flails
  8990 | D:8      | Received a gift from Okawaru
  9392 | D:8      | Reached XP level 10. HP: 47/77 MP: 12/14
  9917 | D:9      | Reached skill level 7 in Fighting
  9917 | D:9      | Reached skill level 8 in Maces & Flails
  9917 | D:9      | Reached skill level 7 in Armour
 10534 | D:9      | Found Momnurhyfo's Book Shoppe.
 10957 | D:8      | Bought a scroll of enchant armour for 120 gold pieces
 11011 | D:10     | Entered Level 10 of the Dungeon
 11142 | D:10     | Reached ***** piety under Okawaru
 11334 | D:10     | HP: 19/79 [gnoll/spear (7)]
 11334 | D:10     | HP: 7/79 [orc priest/divine providence (12)]
 11906 | D:10     | Reached skill level 9 in Maces & Flails
 12387 | D:9      | Reached skill level 8 in Fighting
 12495 | D:10     | Received a gift from Okawaru
 12507 | D:10     | --+0 halberd of distortion - thanks a bunch Oka!
 12535 | D:10     | Noticed a hill giant
 12780 | D:10     | Noticed a hill giant
 12827 | D:10     | Gained mutation: You are slightly more attuned to the shadows. [demonic ancestry]
 12827 | D:10     | Reached XP level 11. HP: 50/86 MP: 11/15
 12842 | D:10     | HP: 18/86 [hill giant/giant club (20)]
 13167 | D:9      | HP: 25/86 [troll (3)]
 13498 | D:10     | Noticed Psyche
 13508 | D:10     | Killed Psyche
 13578 | D:10     | Reached skill level 8 in Armour
 13779 | D:10     | Killed a hill giant
 13779 | D:10     | Reached skill level 10 in Maces & Flails
 14720 | D:11     | Noticed a death yak
 15129 | D:11     | Noticed a cyan ugly thing
 15146 | D:11     | Killed a cyan ugly thing
 15201 | D:11     | Killed a death yak
 15201 | D:11     | Reached skill level 9 in Fighting
 15205 | D:11     | Found a staircase to the Lair.
 15613 | D:11     | Reached skill level 11 in Maces & Flails
 15842 | D:11     | Noticed Erica
 15860 | D:11     | Killed Erica
 16145 | Lair:1   | Entered Level 1 of the Lair of Beasts
 16237 | D:10     | Reached skill level 9 in Armour
 16706 | Lair:1   | Reached XP level 12. HP: 79/96 MP: 14/16
 16716 | Lair:1   | Reached ****** piety under Okawaru
 16729 | Lair:1   | Received a gift from Okawaru
 17100 | Lair:1   | Noticed a six-headed hydra
 17109 | Lair:1   | Killed a six-headed hydra
 17461 | Lair:1   | Reached skill level 10 in Fighting
 17467 | Lair:1   | Reached skill level 12 in Maces & Flails
 18264 | Lair:2   | HP: 25/97 [yak (12)]
 18298 | Lair:2   | Found a dark tunnel.
 18433 | Volcano  | Entered a volcano
 19149 | Lair:3   | Reached skill level 10 in Armour
 19295 | Lair:3   | Reached skill level 1 in Invocations
 19543 | Lair:4   | Reached skill level 13 in Maces & Flails
 19680 | Lair:4   | Reached skill level 2 in Invocations
 19803 | Lair:4   | Noticed a five-headed hydra
 19817 | Lair:4   | Killed a five-headed hydra
 19817 | Lair:4   | Reached skill level 3 in Invocations
 19949 | Lair:4   | Noticed an eight-headed hydra
 19955 | Lair:4   | HP: 28/97 [eight-headed hydra (3)]
 19961 | Lair:4   | Killed an eight-headed hydra
 19964 | Lair:4   | HP: 27/97 [river rat (3)]
 20060 | Lair:4   | Reached skill level 4 in Invocations
 20331 | Lair:4   | Found a hole to the Spider Nest.
 20342 | Lair:4   | Gained mutation: You have hoof-like feet. [demonic ancestry]
 20342 | Lair:4   | Reached XP level 13. HP: 103/103 MP: 13/17
 20704 | Lair:5   | Received a gift from Okawaru
 20864 | Lair:5   | Reached skill level 5 in Invocations
 20964 | Lair:5   | Noticed Snorg
 20982 | Lair:5   | Killed Snorg
 21039 | Lair:5   | Found a frozen archway.
 21232 | IceCv    | Entered an ice cave
 21248 | IceCv    | Reached skill level 6 in Invocations
 21273 | IceCv    | Reached skill level 14 in Maces & Flails
 21653 | IceCv    | HP: 22/103 [ice statue/bolt of cold (11)]
 22318 | Lair:5   | Received a gift from Okawaru
 22330 | Lair:5   | Reached skill level 7 in Invocations
 22376 | Lair:5   | HP: 25/103 [death yak (19)]
 22377 | Lair:5   | HP: 5/103 [death yak (20)]
 22719 | Lair:1   | Learned a level 2 spell: Repel Missiles
 22722 | Lair:1   | Learned a level 2 spell: Swiftness
 23358 | Lair:5   | Reached skill level 8 in Invocations
 23448 | Lair:5   | Reached skill level 1 in Charms
 23448 | Lair:5   | Reached skill level 1 in Air Magic
 23759 | Lair:6   | HP: 29/103 [komodo dragon (11)]
 24062 | Lair:6   | Reached skill level 2 in Air Magic
 24092 | Lair:6   | Reached skill level 2 in Charms
 24238 | Lair:6   | Found a staircase to the Swamp.
 24535 | Lair:6   | Reached skill level 3 in Air Magic
 24571 | Lair:6   | HP: 30/103 [eight-headed hydra (6)]
 24572 | Lair:6   | HP: 12/103 [eight-headed hydra (11)]
 24579 | Lair:6   | HP: 11/103 [eight-headed hydra (3)]
 24580 | Lair:6   | Slain by an eight-headed hydra

Vault maps used:
D:1:      arrival_aquarium_b, hangedman_decor_push
D:2:      ecumenical_altar_2, uniq_sigmund
D:3:      lemuel_doored_altar, first_bread, trog_hazing_becter
D:4:      elyvilon_altar_4, kennysheep_big_empty_room, okawaru_metal_pillars_3
D:5:      nicolae_ru_great_annihilating_truth, serial_glass, glass_columns_b,
          glass_columns_b, uniq_edmund
D:6:      kennysheep_mini
D:7:      grunt_temple_overflow_growth_and_decay, minmay_temple_entry_poolview,
          minivault_14, yredelemnul_altar_generic
D:8:      makhleb_blood_cavern_becter, lemuel_crystal_altar, serial_shops, shop,
          grunt_ogre_cave, hangedman_glass_teeth, grunt_decor_cap, bloody_trog
D:9:      serial_shops, shop
D:10:     grunt_potential, uniq_psyche
D:11:     david_lair_generic, serial_glass, glass_columns_c, glass_columns_a,
          uniq_erica
Temple:   circular_temple_12
Lair:1:   disabler_island, grunt_megastairs_4, serial_bayou_shore_a
Lair:2:   enter_volcano_2, lemuel_old_faithful
Lair:4:   spider_nest_entry_webs, minmay_holes, guppyfry_lair_drakes,
          grunt_megastairs_2, lemuel_fruit_tree
Lair:5:   portal_ice_cave_entry_ice_beasts, nicolae_quartered_pool_medium,
          bh_autumn_forest_stairs, uniq_snorg
Lair:6:   minmay_swamp_entry_reptiles, grunt_megastairs_5
IceCv:    ice_cave_statue_garden_01
Volcano:  volcano_village

Skill      XL: |  1  2  3  4  5  6  7  8  9 10 11 12 13 |
---------------+----------------------------------------+-----
Conjurations   | 1 2 3 4 |  4.1
Armour         | 1 2 3 4 5 6 7 9 10 | 10.0
Spellcasting   | 3 |  3.2
Fighting       | 2 3 5 6 8 9 10 | 10.0
Long Blades    | 1 2 |  2.5
Maces & Flails | 2 5 7 9 11 13 14 | 14.7
Invocations    | 4 8 |  8.0
Charms         | 2 |  2.6
Air Magic      | 3 |  3.0
Dodging        | |  1.7
Stealth        | |  1.7
Poison Magic   | |  4.0

Action                   |  1- 3 |  4- 6 |  7- 9 | 10-12 | 13-15 || total
-------------------------+-------+-------+-------+-------+-------++-------
Melee: Short sword       |    27 |    33 |       |       |       ||    60
       Unarmed           |     1 |       |       |       |       ||     1
       Whip              |       |    81 |       |       |       ||    81
       Flail             |       |    43 |   217 |   786 |   365 ||  1411
       Long sword        |       |    45 |       |       |       ||    45
       Kick              |       |       |    46 |   131 |       ||   177
       Punch             |       |       |       |     1 |     2 ||     3
       Dire flail        |       |       |       |       |   139 ||   139
Throw: Stone             |       |    28 |     2 |       |       ||    30
       Javelin           |       |       |       |     9 |       ||     9
       Throwing net      |       |       |       |     2 |       ||     2
       Tomahawk          |       |       |       |     5 |     7 ||    12
 Cast: Sting             |    71 |   115 |   170 |   401 |   116 ||   873
       Cure Poison       |       |     1 |     2 |     7 |     3 ||    13
       Repel Missiles    |       |       |       |       |     1 ||     1
Invok: Heroism           |       |       |       |    14 |     8 ||    22
       Finesse           |       |       |       |     1 |     2 ||     3
Evoke: Wand              |       |     2 |     1 |     3 |     1 ||     7
  Use: Scroll            |       |     8 |     7 |    12 |     7 ||    34
       Potion            |       |       |       |     3 |     1 ||     4
 Stab: Sleeping          |       |     1 |       |     6 |     7 ||    14
       Paralysed         |       |       |     1 |     4 |       ||     5
  Eat: Chunk             |     4 |    14 |    12 |    38 |    10 ||    78
       Bread ration      |       |       |       |       |     1 ||     1
Armor: Robe              |     3 |       |       |       |       ||     3
       Ring mail         |    30 |   145 |   192 |   461 |   149 ||   977
       Fire dragon armou |       |       |       |       |   106 ||   106
Dodge: Dodged            |    35 |   124 |   106 |   409 |   173 ||   847

Table legend:
 A = Turns spent in this place as a percentage of turns spent in the entire game.
 B = Non-inter-level travel turns spent in this place as a percentage of non-inter-level travel turns spent in the entire game.
 C = Inter-level travel turns spent in this place as a percentage of turns spent in this place.
 D = Turns resting spent in this place as a percentage of non-inter-level travel turns spent in this place.
 E = Turns spent auto-exploring this place as a percentage of non-inter-level travel turns spent in this place.
 F = Non-inter-level travel turns spent in this place divided by the number of levels of this place that you've seen.
                   A       B       C       D       E      F
               +-------+-------+-------+-------+-------+----------------------
         Total | 100.0 | 100.0 |   0.7 |   2.6 |   4.6 | 438.9
       Dungeon |  63.8 |  63.7 |   0.9 |   2.8 |   4.7 | 508.3
        Temple |   0.1 |   0.1 |   8.3 |   0.0 |  90.9 |  11.0
          Lair |  33.3 |  33.4 |   0.4 |   2.0 |   4.5 | 489.0
      Ice Cave |   2.2 |   2.2 |   0.0 |   5.1 |   0.0 | 197.0
       Volcano |   0.5 |   0.5 |   0.0 |   0.0 |   0.0 |  45.0
               +-------+-------+-------+-------+-------+----------------------

Vault maps used:
D:1:      arrival_aquarium_b, hangedman_decor_push
D:2:      ecumenical_altar_2, uniq_sigmund
D:3:      lemuel_doored_altar, first_bread, trog_hazing_becter
D:4:      elyvilon_altar_4, kennysheep_big_empty_room, okawaru_metal_pillars_3
D:5:      nicolae_ru_great_annihilating_truth, serial_glass, glass_columns_b,
          glass_columns_b, uniq_edmund
D:6:      kennysheep_mini
D:7:      grunt_temple_overflow_growth_and_decay, minmay_temple_entry_poolview,
          minivault_14, yredelemnul_altar_generic
D:8:      makhleb_blood_cavern_becter, lemuel_crystal_altar, serial_shops, shop,
          grunt_ogre_cave, hangedman_glass_teeth, grunt_decor_cap, bloody_trog
D:9:      serial_shops, shop
D:10:     grunt_potential, uniq_psyche
D:11:     david_lair_generic, serial_glass, glass_columns_c, glass_columns_a,
          uniq_erica
Temple:   circular_temple_12
Lair:1:   disabler_island, grunt_megastairs_4, serial_bayou_shore_a
Lair:2:   enter_volcano_2, lemuel_old_faithful
Lair:4:   spider_nest_entry_webs, minmay_holes, guppyfry_lair_drakes,
          grunt_megastairs_2, lemuel_fruit_tree
Lair:5:   portal_ice_cave_entry_ice_beasts, nicolae_quartered_pool_medium,
          bh_autumn_forest_stairs, uniq_snorg
Lair:6:   minmay_swamp_entry_reptiles, grunt_megastairs_5
IceCv:    ice_cave_statue_garden_01
Volcano:  volcano_village
